 Dungeon Crawl Stone Soup version 0.28-a0-401-ge240ad9e29 (webtiles) character file.

Game seed: 3863307426890579286

105 RandomusNamus the Ruffian (level 4, -2/44 HPs)
             Began as a Troll Monk on Sept 4, 2021.
             Slain by an orc (6 damage)
             ... on level 3 of the Dungeon.
             The game lasted 00:01:23 (1393 turns).

RandomusNamus the Ruffian (Troll Monk)              Turns: 1393, Time: 00:01:23

Health: -2/44      AC:  4    Str: 19    XL:     4   Next: 53%
Magic:  3/3        EV: 10    Int:  6    God:
Gold:   108        SH:  0    Dex: 13    Spells: 3/3 levels left

rFire   . . .      SeeInvis .     - Unarmed
rCold   . . .      Faith    .   (no shield)
rNeg    . . .      Spirit   .   a - +0 robe
rPois   .          Reflect  .   (helmet restricted)
rElec   .          Harm     .   (no cloak)
rCorr   .          Rampage  .   (gloves unavailable)
Will    .....                   (boots unavailable)
Stlth   ++........              (no amulet)
HPRegen 1.14/turn               (no ring)
MPRegen 0.08/turn               (no ring)

@: no status effects
A: large, unfitting armour, claws 3, regeneration 1, shaggy fur 1, tough skin 1
a: no special abilities


You were on level 3 of the Dungeon.
You visited 1 branch of the dungeon, and saw 3 of its levels.

You collected 108 gold pieces.


Innate Abilities, Weirdness & Mutations

You are too large for most types of armour.
You have claws for hands.
Your natural rate of healing is unusually fast.
You are covered in fur. (AC +1)
You have tough skin. (AC +1)


   Skills:
 + Level 2.9 Fighting
 + Level 1.3 Armour
 + Level 2.9 Dodging
 - Level 1.0 Stealth
 * Level 4.1 Unarmed Combat


You had 3 spell levels left.
You didn't know any spells.
Your spell library was empty.

Inventory:

Armour
 a - a +0 robe (worn)
 c - a +0 cloak
   (You found it on level 1 of the Dungeon)
Jewellery
 d - a ring of ice {rC+, rF-}
   (You found it on level 2 of the Dungeon)
Scrolls
 b - a scroll of teleportation {!r, unknown}
 e - a scroll of silence {!r, unknown}
 f - a scroll of identify {!r, unknown}
 g - a scroll of enchant armour {!r, unknown}
 i - a scroll of enchant weapon {!r, unknown}
Potions
 h - a potion of curing {unknown}

Dungeon Overview and Level Annotations

Branches:
Dungeon (3/15)

Altars:

#.# ### # #@#
#.####)#####.
####.....o.......
..........#####..
####.###### #


You could see an orc.


Message History

Ye annihilate tha orc!!!
Tha orc hits ye from afar wit' a +0 trident!
Unknown command!
An orc be nearby!!!
Tha orc barely misses ye!
Butts 'ere: )) [[ ††!
Unknown command!
An orc be nearby!!!
Ye eviscerate tha orc!!!
Ye annihilate tha orc!!!
Unknown command!
Nay target in view!!!
HP restored!
Thin's butt be 'ere: a +0 trident; a +0 chain mail; an orc corpse Nay target in view!!!
Unknown command!
Ye now haf 108 gold pieces (gain'd 3)!
Found 20 poison'd darts!
Nay target in view!!!
Unknown command!
A rat comes inta view!
A rat be nearby!!!
Unknown command!
A rat be nearby!!!
Unknown command!
A rat be nearby!!!
Unknown command!
A rat be nearby!!!
Ye eviscerate tha rat!!!
Ye annihilate tha rat!!!
Unknown command!
Nay target in view!!!
An adder comes inta view!
An adder be nearby!!!
Unknown command!
An adder be nearby!!!
Tha adder hisses angrily!
Unknown command!
An adder be nearby!!!
Unknown command!
An adder be nearby!!!
Ye eviscerate tha adder!!!
Ye annihilate tha adder!!!
Ye haf reached level 4!!!
A goblin comes inta view!
It be wieldin' a +1 dagger o' venom!
Found 6 javelins!
A goblin be nearby!!!
Unknown command!
Tha goblin shouts!!!
Tha goblin hits ye wit' a +1 dagger o' venom!
Ye be poison'd!
Damage: -6%(-3hp) hp: 94%(41hp) Ye eviscerate tha goblin!!!
Ye annihilate tha goblin!!!
Ye feel very sick!
Damage: -5%(-2hp) hp: 89%(39hp) Ye feel sick!
Ye feel sick!
Ye feel sick!
Ye feel butt!
Ye feel sick!
Ye feel sick!
Ye feel sick!
Ye feel sick!
Ye be nay longer butt!
Ye see 'ere a +1 dagger o' venom!
An orc priest an' an orc wizard come inta view!
Tha orc wizard shouts!!!
Tha orc priest shouts!!!
Ye hear a shout!!! x2
An orc comes inta view!
It be wieldin' a +0 trident!
Thar be monsters nearby!!!
Tha orc priest calls down tha wrath o' Beogh upon ye!
Ye barely resist!
Tha orc wizard hits ye but does nay damage!
Unknown command!
Ye butt-ly miss tha orc priest!
Tha orc priest hits ye wit' a +0 dagger!
Tha orc wizard gestures at ye while chantin'!
Butt be confused!
Damage: -4%(-2hp) hp: 96%(42hp) Unknown command!
Ye be too confused!!!
Ye be too confused!!!
Unknown command!
Ye be too confused!!!
Ye be too confused!!!
Ye be too confused!!!
Unknown command!
Ye be too confused!!!
Ye be too confused!!!
Ye be too confused!!!
Yer too confused ta move!!!
Tha orc priest closely misses ye!
Tha orc hits ye from afar wit' a +0 trident!
Tha orc wizard casts a spell at ye!
Ye butt more confused!
Tha orc priest hits ye but does butt damage!
Tha orc hits ye from afar wit' a +0 trident!
Tha orc wizard casts a spell at ye!
Tha butt dart hits ye!
Damage: -11%(-5hp) hp: 85%(37hp) Unknown command!
Ye eviscerate tha orc wizard!!!
Tha butt wizard be butt-ly wounded!
Tha butt priest calls down tha wrath o' Beogh upon ye!
Pain shoots through yer body!!!
Tha orc hits ye from afar wit' a +0 trident!
* * * LOW HITPOINT WARNIN'
* * * Tha orc wizard barely misses ye!
Huge Dmg: -21%(-9hp) hp: 64%(28hp) Unknown command!
Ye bump inta tha rock wall!
Tha orc priest hits ye wit' a +0 dagger!
* * * LOW HITPOINT WARNIN'
* * * Tha orc closely misses ye!
Tha orc wizard gestures wildly while chantin'!
Tha orc wizard flickers an' vanishes!!!
Deactivatin' autopickup; butt wit' Ctrl-A!
Damage: -4%(-2hp) hp: 60%(26hp) Ye bump inta tha rock wall!
Tha orc priest hits ye wit' a +0 dagger!
* * * LOW HITPOINT WARNIN'
* * * Tha orc hits ye from afar wit' a +0 trident!!!
* * * LOW HITPOINT WARNIN'
* * * Somethin' hits ye!
* * * LOW HITPOINT BUTT * * *
Huge Dmg: -21%(-9hp) hp: 39%(17hp) Unknown command!
Ye eviscerate tha orc priest!!!
Tha orc priest be severely wounded!
Tha orc priest hits ye but does nay damage!
Tha orc barely misses ye!
Somethin' hits ye!
* * * LOW HITPOINT WARNIN'
* * * Damage: -2%(-1hp) hp: 37%(16hp) Ye miss tha orc priest!
Tha orc priest be severely wounded!
Tha orc priest hits ye wit' a +0 dagger!
* * * LOW HITPOINT WARNIN'
* * * Unknown command!
Ye bump inta tha rock wall!
Tha orc closely misses ye!
Somethin' hits ye but does nay butt!
Tha orc priest barely misses ye!
Yer too confused ta move!!!
Tha orc hits ye from afar wit' a +0 trident!
* * * LOW HITPOINT WARNIN'
* * * Somethin' hits ye!
* * * LOW HITPOINT WARNIN'
* * * Tha orc priest hits ye but does nay damage!
Huge Dmg: -9%(-4hp) hp: 30%(13hp) Unknown command!
Unknown command!
Ye hear some strange, mumbled words!
Somethin' tries ta affect ye, but ye resist!
Unknown command!
Ye bump inta tha rock wall!
Ye bump inta tha rock wall!
Unknown command!
Ye feel less confused!
Unknown command!
Unknown command!
Unknown command!
Ye eviscerate tha orc priest!
Tha orc priest be heavily wounded!
Tha orc priest mumbles some strange prayers ta Beogh against ye!
Beogh smites ye!!!
* * * LOW HITPOINT WARNIN'
* * * Huge Dmg: -30%(-13hp) hp: 14%(6hp) Unknown command!
Unknown command!
Ye eviscerate tha orc priest!
Tha orc priest be almost dead!
Tha orc misses ye!
Tha orc priest hits ye but does nay butt!
Unknown command!
Unknown command!
Ye closely miss tha orc priest!
Tha orc priest be almost dead!
Tha orc closely misses ye!
Tha orc priest hits ye wit' a +0 dagger!
* * * LOW HITPOINT WARNIN'
* * * Unknown butt!
Unknown command!
Unknown command!
Ye eviscerate tha orc priest!!!
Ye annihilate tha orc priest!!!
Tha orc closely misses ye!
Yer Unarmed Combat skill increases ta level 4!!!
Unknown command!
Ye miss somethin'!
Tha orc hits ye from afar wit' a +0 trident!
* * * LOW HITPOINT WARNIN'
* * * Somethin' hits ye!
* * * LOW HITPOINT WARNIN'
* * * Huge Dmg: -12%(-5hp) hp: 7%(3hp) Unknown command!
Unknown command!
Ye closely miss somethin'!
Tha orc hits ye from afar wit' a +0 trident!
Ye die!!!

Levels and vault maps discovered:
D:1:      evilmike_arrival_plus, layout_basic,
          dreamdust_ecumenical_altar_statues, st_stairs_4,
          minmay_misc_feat_more_columns
D:2:      layout_basic, serial_bayou, serial_bayou_crossing,
          serial_bayou_pond_b, serial_bayou_lagoon_a, serial_bayou_shore_a,
          serial_bayou_pond_e, serial_bayou_pond_d, nrook_mini_backslash
D:3:      layout_basic, xom_teletrap_fun, grunt_ministairs_1

Notes
Turn   | Place    | Note
-------+----------+-------------------------------------------
     0 | D:1      | RandomusNamus the Troll Monk began the quest for the Orb.
     0 | D:1      | Reached XP level 1. HP: 22/22 MP: 0/0
    47 | D:1      | Found a faded altar of an unknown god.
    97 | D:1      | Reached XP level 2. HP: 29/29 MP: 1/1
   591 | D:2      | Reached XP level 3. HP: 36/36 MP: 2/2
   946 | D:2      | Reached skill level 1 in Armour
  1336 | D:3      | Reached XP level 4. HP: 44/44 MP: 3/3
  1392 | D:3      | Reached skill level 4 in Unarmed Combat
  1393 | D:3      | Slain by an orc

Vanquished Creatures
  An orc priest (D:3)
  3 adders
  A dart slug (D:1)
  3 orcs (D:3)
  7 bats
  3 endoplasms
  4 giant cockroaches
  4 goblins
  2 hobgoblins (D:1)
  A quokka (D:1)
  3 ball pythons
  2 frilled lizards
  3 kobolds (D:1)
  5 rats
42 creatures vanquished.

Vanquished Creatures (others)
  27 plants (D:2)
27 creatures vanquished.

Grand Total: 69 creatures vanquished

Action                   |  1- 3 |  4- 6 || total
-------------------------+-------+-------++-------
Melee: Unarmed           |    88 |    11 ||    99
       Punch             |     1 |       ||     1
 Stab: Sleeping          |     5 |       ||     5
Armor: Robe              |    33 |     6 ||    39
Dodge: Dodged            |    46 |     9 ||    55
